 Dungeon Crawl Stone Soup version bcrawl-1.27.8b (webtiles) character file.

Game seed: 14353034039212881523

126303 LostNumber the Sneak (level 2, 0/16 HPs)
             Began as a Vine Stalker Archaeologist on Nov 11, 2020.
             Succumbed to a kobold's poison
             ... on level 1 of the Dungeon.
             The game lasted 00:00:39 (158 turns).

LostNumber the Sneak (Vine Stalker Archaeologist)    Turns: 158, Time: 00:00:40

Health: 0/16       AC:  6    Str: 13    XL:     2   Next: 37%
Magic:  3/3        EV: 13    Int: 14    God:
Gold:   21         SH:  0    Dex: 12    Spells: 1/1 levels left

rFire    . . .     SeeInvis .   j - +0 falchion
rCold    . . .     Gourm    .   (no shield)
rNeg     . . .     Faith    .   b - +1 robe
rPois    .         Spirit   .   c - +1 hat
rElec    .         Reflect  .   (no cloak)
rCorr    .         Harm     .   (no gloves)
MR       .....                  d - +1 pair of boots
Stlth    +++.......             (no amulet)
HPRegen  0.45/turn              (no ring)
MPRegen  0.08/turn              (no ring)

@: lethally poisoned (0 -> -2)
A: fangs 2, regeneration 1, no potion heal 3, rot immunity, strong jaws
a: no special abilities


You were on level 1 of the Dungeon.
You were not hungry.

You visited 1 branch of the dungeon, and saw 1 of its levels.

You collected 21 gold pieces.

Inventory:

Hand Weapons
 a - a +0 whip
 j - a +0 falchion (weapon)
   (You took it off a kobold on level 1 of the Dungeon)
 l - a +0 dagger
   (You found it on level 1 of the Dungeon)
Armour
 b - a +1 robe (worn)
 c - a +1 hat (worn)
 d - a +1 pair of boots (worn)
Jewellery
 i - an uncursed amulet of the gourmand {unknown}
   (You found it on level 1 of the Dungeon)
Scrolls
 g - 2 scrolls of magic mapping
 k - a scroll of identify {@r1}
Miscellaneous
 f - a dusty tome
Comestibles
 e - a ration {!d!d}
 h - 7 chunks of flesh


   Skills:
 + Level 1.5 Fighting
 * Level 0.0 Short Blades
 - Level 0.8 Maces & Flails
 + Level 3.1 Dodging
 + Level 4.6 Stealth


You had one spell level left.
You didn't know any spells.
Your spell library was empty.

Dungeon Overview and Level Annotations

Branches:
Dungeon (1/12)

Altars:


Innate Abilities, Weirdness & Mutations

You have extremely sharp teeth.
Your natural rate of healing is unusually fast.
Potions cannot restore your health.
You are immune to rotting.
Your bites deal extra damage.


Message History

A leopard gecko is nearby!
A leopard gecko is nearby!
A leopard gecko is nearby!
A hobgoblin and a kobold come into view.
The kobold is wielding a +2 whip of venom.
The leopard gecko closely misses you.
The kobold shouts!
You closely miss the leopard gecko.
The hobgoblin shouts!
The kobold closely misses you.
The leopard gecko bites you but does no damage.
You hit the hobgoblin.
You kill the hobgoblin!
The kobold hits you with a +2 whip of venom.
You are poisoned.
The leopard gecko closely misses you.
You hit the leopard gecko but do no damage.
You feel sick. The kobold hits you but does no damage.
You are lethally poisoned!
The leopard gecko closely misses you. The kobold misses you.
You feel sick.
The kobold throws a stone.
The stone hits you but does no damage.
The leopard gecko bites you but does no damage.
* * * LOW HITPOINT WARNING * * *
You feel sick.
* * * LOW HITPOINT WARNING * * *
You feel sick.
* * * LOW HITPOINT WARNING * * *
You feel sick.
You aren't carrying any potions.
Unknown command.
* * * LOW HITPOINT WARNING * * *
You feel sick. The leopard gecko misses you.
* * * LOW HITPOINT WARNING * * *
You feel sick.
* * * LOW HITPOINT WARNING * * *
You feel sick.
The leopard gecko bites you but does no damage.
* * * LOW HITPOINT WARNING * * *
You feel sick.
* * * LOW HITPOINT WARNING * * *
You feel sick.
* * * LOW HITPOINT WARNING * * *
You feel sick.
* * * LOW HITPOINT WARNING * * *
You feel sick.
The leopard gecko completely misses you.
* * * LOW HITPOINT WARNING * * *
You feel sick.
You die...

#..........##.#
#..........##.#
#..........##.#
##........###.#
##......## #.#
########.########.#
.......l.)÷.......######
########.#########.....(.
#......#@#.#.....#.......
#.####.#.#.#.###.#.......
#(#<.#.#.#.#...#.#.......
#.##.#.#.#.#####.#...####
#....#.#.#.......#÷..#
######.#.#.#######...#
......................#
##.##############.#..##
...#..#


You could see a leopard gecko.

Vanquished Creatures
  A leopard gecko (D:1)
  A bat (D:1)
  2 giant cockroaches (D:1)
  A hobgoblin (D:1)
  2 kobolds (D:1)
  A frilled lizard (D:1)
  2 goblins (D:1)
  A rat (D:1)
11 creatures vanquished.

Notes
Turn   | Place    | Note
-------+----------+-------------------------------------------
     0 | D:1      | LostNumber the Vine Stalker Archaeologist began the quest
                  | for the Orb.
     0 | D:1      | Reached XP level 1. HP: 11/11 MP: 2/2
    56 | D:1      | Reached skill level 1 in Fighting
    87 | D:1      | Reached XP level 2. HP: 8/16 MP: 3/3
   158 | D:1      | Succumbed to a kobold's poison

Skill      XL: |  1 |
---------------+----+-----
Fighting       | 1 |  1.5
Maces & Flails | |  0.8
Dodging        | |  3.1
Stealth        | |  4.6

Action                   || total
-------------------------++-------
Melee: Whip              ||    32
       Bite              ||     4
       Falchion          ||     7
 Stab: Sleeping          ||     1
Armor: Robe              ||    16
Dodge: Dodged            ||    33
